 Dungeon Crawl Stone Soup version 0.27.1-33-g824d729ab1 (webtiles) character file.

Game seed: 17751755923132696145

126 ces the Skirmisher (level 5, -2/64 HPs)
             Began as a Gnoll Wanderer on Dec 8, 2021.
             Splashed by a jelly's acid (5 damage)
             ... on level 3 of the Dungeon on Dec 9, 2021.
             The game lasted 00:05:55 (3567 turns).

ces the Skirmisher (Gnoll Wanderer)                 Turns: 3567, Time: 00:05:55

Health: -2/64      AC: 14    Str:  9 (12) XL:     5   Next: 9%
Magic:  9/9        EV:  2    Int:  9 (10) God:
Gold:   16         SH:  0    Dex: 11 (13) Spells: 9/10 levels left

rFire    . . .     SeeInvis .   b - +4 whip
rCold    . . .     Faith    .   (no shield)
rNeg     + + +     Spirit   .   (armour currently unavailable)
rPois    +         Reflect  .   (helmet currently unavailable)
rElec    .         Harm     .   (cloak currently unavailable)
rCorr    .         Rampage  .   (gloves currently unavailable)
Will     .....     NoTele   +   (boots currently unavailable)
Stlth    ++........             (no amulet)
HPRegen  0.20/turn              (no ring)
MPRegen  0.11/turn              (no ring)

@: tree-form, corroded
A: stationary, stasis, torment immunity, boosted hp, (fangs 1), strong nose,
distributed training
a: no special abilities


You were on level 3 of the Dungeon.
You were a tree.
You visited 1 branch of the dungeon, and saw 3 of its levels.

You collected 16 gold pieces.

Inventory:

Hand Weapons
 a - a +0 dagger
 b - a +4 whip (weapon)
Missiles
 d - 31 bolts
Armour
 c - a +2 leather armour (melded)
Jewellery
 h - a ring of fire
Scrolls
 e - a scroll of torment {unknown}
 f - 3 scrolls of fear {unknown}
 g - 4 scrolls of identify {unknown}
 i - 2 scrolls of amnesia {unknown}
 j - a scroll of brand weapon {unknown}
 l - a scroll of blinking {unknown}


   Skills:
 + Level 4.7 Fighting
 + Level 1.3 Short Blades
 + Level 1.3 Long Blades
 + Level 1.3 Axes
 + Level 1.3 Maces & Flails
 + Level 1.3 Polearms
 + Level 1.3 Staves
 + Level 1.3 Slings
 + Level 1.3 Bows
 + Level 1.3 Crossbows
 + Level 2.9 Throwing
 + Level 1.3 Armour
 + Level 2.9 Dodging
 + Level 2.7 Stealth
 + Level 1.3 Shields
 + Level 1.3 Unarmed Combat
 + Level 3.1 Spellcasting
 + Level 1.1 Conjurations
 + Level 1.1 Hexes
 + Level 1.1 Summonings
 + Level 1.1 Necromancy
 + Level 1.1 Translocations
 + Level 1.1 Transmutations
 + Level 1.1 Fire Magic
 + Level 3.9 Ice Magic
 + Level 1.1 Air Magic
 + Level 3.9 Earth Magic
 + Level 1.1 Poison Magic
 + Level 1.5 Invocations
 + Level 1.3 Evocations


You had 9 spell levels left.
You knew the following spells:

 Your Spells              Type           Power      Damage    Failure   Level
a - Apportation           Tloc           6%         N/A       19%         1

Your spell library contained the following spells:

 Spells                   Type           Power      Damage    Failure   Level
 Gell's Gravitas          Tloc           1%         N/A       50%         3
 Animate Dead             Necr           1%         N/A       88%         4
 Borgnjor's Vile Clutch   Necr/Erth      2%         N/A       96%         5
 Death Channel            Necr           1%         N/A       100%        6


Dungeon Overview and Level Annotations

Branches:
Dungeon (3/15)

Altars:
Makhleb
Ru

Shops:
D:1 [


Innate Abilities, Weirdness & Mutations

You are a tree.
Your roots penetrate the ground, keeping you stationary.
You cannot be teleported.
You are immune to unholy pain and torment.
Your maximum health is greatly increased.
Your equipment is partially melded.
((You have very sharp teeth.))
Your uncanny sense of smell can sniff out nearby items.
Your experience applies equally to all skills.


Message History

The jelly is moderately wounded.
The jelly barely misses you.
You hit the jelly.
Your hands burn!
The jelly is heavily wounded.
The jelly hits you.
You are splashed with acid!
You are too injured to fight recklessly!
You are too injured to fight recklessly!
You are too injured to fight recklessly!
You hit the jelly. The acid corrodes you!
Your hands burn!
The jelly is heavily wounded.
The jelly closely misses you.
You hit the jelly but do no damage.
Your hands burn!
The jelly is heavily wounded.
The jelly hits you.
* * * LOW HITPOINT WARNING * * *
You are splashed with acid!
* * * LOW HITPOINT WARNING * * *
You hit the jelly.
Your hands burn!
* * * LOW HITPOINT WARNING * * *
You bite the jelly, but do no damage.
The jelly is severely wounded.
The jelly barely misses you.
The jelly jiggles.
It was a potion of lignification.
You turn into a tree.
Your +2 leather armour melds into your body.
Your roots penetrate the ground.
The jelly hits you but does no damage.
It was a potion of degeneration.
There was something very wrong with that liquid.
You feel weakened.
You feel dopey.
You feel clumsy. The jelly hits you but does no damage.
You hit the jelly but do no damage.
Your branches burn!
* * * LOW HITPOINT WARNING * * *
The jelly is heavily wounded.
The jelly hits you but does no damage.
You hit the jelly but do no damage.
Your branches burn!
* * * LOW HITPOINT WARNING * * *
The jelly is heavily wounded.
The jelly hits you but does no damage.
You hit the jelly but do no damage.
Your branches burn!
You die...

#.....##....#####.. #
#........###.......
#.#..)....## #.####.#
#.#.......# #/# #
###.#.......# #.#
#.........### ##.#
###.........##.....
+..###.J...........
##....#♣....#####..
#....)......##
##..<...÷.....#
###...#.........#######...
#.........................
#####.............#####...
##.#######.....## ##...
##.#..≈≈≈..#.....###....
##.#..≈...≈..#...........


You could see a jelly.

Vanquished Creatures
  Natasha (twice) (D:2)
  3 adders
  A dart slug (D:1)
  6 endoplasms
  2 giant cockroaches (D:1)
  2 goblins (D:1)
  6 hobgoblins
  2 jackals (D:2)
  8 kobolds
  4 ball pythons
  A bat (D:2)
  4 frilled lizards
  4 rats
45 creatures vanquished.

Notes
Turn   | Place    | Note
-------+----------+-------------------------------------------
     0 | D:1      | ces the Gnoll Wanderer began the quest for the Orb.
     0 | D:1      | ces set off with the following items: a +0 dagger, a potion
                  | of curing, a +2 leather armour; and the following spell
                  | memorised: Apportation; and the following spells available
                  | to memorise: Gell's Gravitas
     0 | D:1      | Reached XP level 1. HP: 20/20 MP: 4/4
   334 | D:1      | Reached XP level 2. HP: 26/26 MP: 5/5
   511 | D:1      | Found a faded altar of an unknown god.
  1109 | D:1      | Reached XP level 3. HP: 26/31 MP: 7/7
  1575 | D:1      | Found Ugeamot's Armour Shop.
  1624 | D:2      | Found a burning altar of Makhleb.
  1773 | D:2      | Reached skill level 1 in Invocations
  1997 | D:2      | Noticed Natasha
  2018 | D:2      | Killed Natasha
  2019 | D:2      | Reached skill level 1 in Short Blades
  2019 | D:2      | Reached skill level 1 in Long Blades
  2019 | D:2      | Reached skill level 1 in Axes
  2019 | D:2      | Reached skill level 1 in Maces & Flails
  2019 | D:2      | Reached skill level 1 in Polearms
  2019 | D:2      | Reached skill level 1 in Staves
  2019 | D:2      | Reached skill level 1 in Slings
  2019 | D:2      | Reached skill level 1 in Bows
  2019 | D:2      | Reached skill level 1 in Crossbows
  2019 | D:2      | Reached skill level 1 in Armour
  2019 | D:2      | Reached skill level 1 in Shields
  2019 | D:2      | Reached skill level 1 in Unarmed Combat
  2019 | D:2      | Reached skill level 1 in Evocations
  2019 | D:2      | Reached XP level 4. HP: 19/38 MP: 8/8
  2700 | D:3      | Found a sacrificial altar of Ru.
  3240 | D:2      | Reached skill level 1 in Conjurations
  3240 | D:2      | Reached skill level 1 in Hexes
  3240 | D:2      | Reached skill level 1 in Summonings
  3240 | D:2      | Reached skill level 1 in Necromancy
  3240 | D:2      | Reached skill level 1 in Translocations
  3240 | D:2      | Reached skill level 1 in Transmutations
  3240 | D:2      | Reached skill level 1 in Fire Magic
  3240 | D:2      | Reached skill level 1 in Air Magic
  3240 | D:2      | Reached skill level 1 in Poison Magic
  3346 | D:2      | Noticed Natasha
  3352 | D:2      | Killed Natasha
  3353 | D:2      | Reached XP level 5. HP: 42/43 MP: 9/9
  3548 | D:3      | HP: 1/43 [acid (2)]
  3566 | D:3      | HP: 2/64 [acid (2)]
  3567 | D:3      | Splashed by a jelly's acid

Illustrated notes

Levels and vault maps discovered:
D:1:      tarquinn_simple_flora_water_b, layout_rooms, serial_corexii_hall,
          corexii_hall_statues_s, chequers_hall_statues_y,
          chequers_hall_statues_y, corexii_hall_statues_l,
          hellmonk_ecumenical_altar_arch_garden, serial_shops,
          nicolae_shop_window_shopping
D:2:      layout_basic, basic_altar, minmay_tiny_reverse_x, uniq_natasha
D:3:      layout_rooms, yredelemnul_forgotten_temple_becter,
          nicolae_ru_awakened_eye

Skill      XL: |  1  2  3  4 |
---------------+-------------+-----
Invocations    | 1 |  1.5
Short Blades   | 1 |  1.3
Long Blades    | 1 |  1.3
Axes           | 1 |  1.3
Maces & Flails | 1 |  1.3
Polearms       | 1 |  1.3
Staves         | 1 |  1.3
Slings         | 1 |  1.3
Bows           | 1 |  1.3
Crossbows      | 1 |  1.3
Armour         | 1 |  1.3
Shields        | 1 |  1.3
Unarmed Combat | 1 |  1.3
Evocations     | 1 |  1.3
Spellcasting   | 3 |  3.1
Conjurations   | 1 |  1.1
Hexes          | 1 |  1.1
Summonings     | 1 |  1.1
Necromancy     | 1 |  1.1
Translocations | 1 |  1.1
Transmutations | 1 |  1.1
Fire Magic     | 1 |  1.1
Air Magic      | 1 |  1.1
Poison Magic   | 1 |  1.1
Fighting       | |  4.7
Throwing       | |  2.9
Dodging        | |  2.9
Stealth        | |  2.7
Ice Magic      | |  3.9
Earth Magic    | |  3.9

Action                   |  1- 3 |  4- 6 || total
-------------------------+-------+-------++-------
Melee: Dagger            |   186 |    66 ||   252
       Bite              |    10 |    10 ||    20
       Punch             |     1 |     1 ||     2
       Whip              |       |    34 ||    34
  Use: Potion            |       |     3 ||     3
 Stab: Sleeping          |     5 |     2 ||     7
Armor: Leather armour    |    49 |    14 ||    63
       Skin              |       |     4 ||     4
Dodge: Dodged            |    95 |    51 ||   146
